cohdb
Replays
Latest Replays
All Replays
Popular Replays
Top Player Replays
Match Explorer
How It Works
Community
CoH3 Stats
Reddit
Sign in to upload your games and track your stats! →
Sign in with Steam
Match 43716467
Unlisted
Match 43716467
Overview
Messages
Build Orders
End
Construct Infanterie Kompanie
Pioneer Squad
Selects Terror Battlegroup
Selects Machine Gun Camouflage
MG 42 Machine Gun Team
Grenadier Squad
MG 42 Machine Gun Team
Pioneer Squad
Pioneer Squad
Construct Luftwaffe Kompanie
Selects Interrogate
Jäger Squad
221 Scout Car
Flak 30 Anti-aircraft Gun Team
Jäger Squad
Selects Propaganda Leaflet Drop
Construct Panzer Kompanie
Jäger Squad
Jäger Squad
Jäger Squad
Larry
Victor
hogarthw
Lord Melchett
Milk
bayutrianggono
0
0
Comments
sign in to comment!
No comments posted yet!